 Dungeon Crawl Stone Soup version 0.26.0-10-g1f06aea511 (webtiles) character file.

Game seed: 14929825335484766401

620 Arum the Shield-Bearer (level 7, -6/56 HPs)
             Began as a Formicid Fighter on Jan 17, 2021.
             Killed by nerve-wracking pain
             ... invoked by a shadow imp
              (9 damage)
             ... on level 4 of the Dungeon.
             The game lasted 00:04:21 (4399 turns).

Arum the Shield-Bearer (Formicid Fighter)           Turns: 4399, Time: 00:04:22

Health: -6/56      AC: -1    Str: 22    XL:     7   Next: 75%
Magic:  7/7        EV:  8    Int:  8    God:
Gold:   180        SH: 11    Dex: 16    Spells: 6/6 levels left

rFire    . . .     SeeInvis +   a - +0 quarterstaff
rCold    . . .     Faith    .   c - +0 kite shield
rNeg     . . .     Spirit   .   b - +0 scale mail
rPois    .         Reflect  .   (helmet unavailable)
rElec    .         Harm     .   (no cloak)
rCorr    .         Rampage  .   (no gloves)
Will     .....                  m - +2 pair of boots
Stlth    ..........             (no amulet)
HPRegen  0.18/turn              n - +6 ring of dexterity
MPRegen  0.10/turn              (no ring)

@: corroded
A: permanent stasis, dig shafts and tunnels, four strong arms, antennae 3
a: Dig, Shaft Self


You were on level 4 of the Dungeon.
You visited 1 branch of the dungeon, and saw 5 of its levels.
You also visited: Ossuary.

You collected 180 gold pieces.

Inventory:

Hand Weapons
 a - a +0 quarterstaff (weapon)
Missiles
 l - 7 javelins
Armour
 b - a +0 scale mail (worn)
 c - a +0 kite shield (worn)
 m - a +2 pair of boots (worn)
Jewellery
 n - a +6 ring of dexterity (left hand)
Scrolls
 f - 8 scrolls of identify {unknown}
 g - 7 scrolls of remove curse {unknown}
 h - 2 scrolls of amnesia {unknown}
 i - a scroll of enchant armour {unknown}
 p - 3 scrolls of magic mapping {unknown}
 q - 2 scrolls of blinking {unknown}
 r - a scroll of random uselessness {unknown}
 s - 2 scrolls of fog {unknown}
 u - a scroll of enchant weapon {unknown}
Potions
 d - 2 potions of might
 e - 3 potions of degeneration {unknown}
 j - a potion of mutation {unknown}
 k - a potion of flight {unknown}
 o - 2 potions of berserk rage {unknown}
 t - a potion of ambrosia {unknown}
 v - 2 potions of heal wounds {unknown}
 w - a potion of resistance {unknown}
 x - a potion of lignification {unknown}


   Skills:
 + Level 5.5 Fighting
 + Level 4.4 Staves
 - Level 5.0 Armour
 + Level 6.0 Shields


You had 6 spell levels left.
You didn't know any spells.
Your spell library was empty.

Dungeon Overview and Level Annotations

Branches:
Dungeon (5/15)            Ossuary (visited)
 Temple: D:4-7

Altars:

Annotations:
D:4 2 transporters


Innate Abilities, Weirdness & Mutations

You cannot be hasted, slowed, berserked, paralysed or teleported.
You can dig through walls and to a lower floor.
Your four strong arms can wield two-handed weapons with a shield.
You have a pair of large antennae on your head. (SInv)


Message History

You are too injured to fight recklessly!
You are too injured to fight recklessly!
You are too injured to fight recklessly!
You are too injured to fight recklessly!
Unknown command.
You block the shadow imp's attack. The jelly hits you.
* * * LOW HITPOINT WARNING * * *
You are splashed with acid!
* * * LOW HITPOINT WARNING * * *
The jackal skeleton bites you.
* * * LOW HITPOINT WARNING * * *
You climb upwards.
Level annotation: 2 transporters
There is a stone staircase leading down here.
Unknown command.
Unknown command.
Unknown command.
The shadow imp gestures at you. Pain shoots through your body!
You die...

#.# #.........#........# #.#
#.........#........## #.#
#.......(.#.......... #.#
#.........#.........#
#.####...................#
###...............#....#.#.#
#................#######...#
#.#8##.##8.5.....###########
####.###...#.>@................
#....##..#..J##################
###'#####.[...## #......
#.......#......############......
#............##..........<#......
#.......8##.##8.###########......
#...........#.#.## ######......
###'#######......# #...........
#.# #......# #...........


You could see a jelly and a shadow imp.

Vanquished Creatures
  An ogre (D:4)
  An elf zombie (Ossuary)
  Blork the orc (D:4)
  A howler monkey (D:4)
  A bullfrog skeleton (D:4)
  A hound (D:4)
  2 worker ants (D:4)
  A big kobold zombie (Ossuary)
  A hound skeleton (D:4)
  3 mummies (Ossuary)
  9 adders
  2 oozes (D:4)
  4 adder zombies (Ossuary)
  5 worms
  2 dart slugs
  A leopard gecko (D:2)
  An orc (D:3)
  2 ball pythons (D:2)
  2 giant cockroaches
  A gnoll zombie (Ossuary)
  3 goblins
  3 hobgoblins
  3 jackals (D:1)
  3 quokkas
  11 bats
  3 frilled lizards
  3 goblin zombies (Ossuary)
  4 hobgoblin zombies (Ossuary)
  10 kobolds
  2 kobold zombies (Ossuary)
  An orc zombie (Ossuary)
  A quokka skeleton (D:4)
  3 rats
  A rat zombie (Ossuary)
93 creatures vanquished.

Notes
Turn   | Place    | Note
-------+----------+-------------------------------------------
     0 | D:1      | Arum the Formicid Fighter began the quest for the Orb.
     0 | D:1      | Reached XP level 1. HP: 18/18 MP: 1/1
   173 | D:1      | Reached XP level 2. HP: 22/24 MP: 2/2
   578 | D:1      | Reached XP level 3. HP: 29/29 MP: 3/3
   583 | D:1      | Reached skill level 4 in Shields
  1649 | D:3      | Reached XP level 4. HP: 29/37 MP: 4/4
  2211 | D:3      | Reached XP level 5. HP: 42/42 MP: 5/5
  2604 | D:4      | Found a sand-covered staircase.
  2827 | D:4      | Noticed Blork the orc
  2853 | Ossuary  | Entered an ossuary
  2871 | Ossuary  | Reached XP level 6. HP: 25/49 MP: 6/6
  3294 | Ossuary  | Reached skill level 5 in Shields
  3429 | D:4      | Killed Blork the orc
  3430 | D:4      | Reached skill level 5 in Armour
  3430 | D:4      | Reached XP level 7. HP: 52/55 MP: 7/7
  3482 | D:4      | Reached skill level 5 in Fighting
  3640 | D:4      | Found a transporter.
  4009 | D:4      | Found a transporter.
  4257 | D:4      | Reached skill level 6 in Shields
  4387 | D:5      | Entered Level 5 of the Dungeon
  4399 | D:4      | Killed from afar by a shadow imp

Illustrated notes

Levels and vault maps discovered:
D:1:      mrwooster_arrival_statue_2, layout_basic, minivault_27
D:2:      layout_basic
D:3:      layout_loops_cross
D:4:      gammafunk_wand_slinger, layout_basic,
          lightli_ossuary_entry_decrepit_ruins, uniq_blork_the_orc
D:5:      minmay_octagon_keep, layout_loops_ring

Skill      XL: |  1  2  3  4  5  6  7 |
---------------+----------------------+-----
Shields        | 4 5 6 |  6.0
Armour         | 4 5 |  5.0
Fighting       | 4 5 |  5.5
Staves         | 3 4 |  4.4

Action                   |  1- 3 |  4- 6 |  7- 9 || total
-------------------------+-------+-------+-------++-------
Melee: Quarterstaff      |   111 |   208 |    63 ||   382
Armor: Scale mail        |    58 |    88 |    28 ||   174
Dodge: Dodged            |    49 |    78 |    20 ||   147
Block: Kite shield       |    74 |   110 |    41 ||   225
